 Dungeon Crawl Stone Soup version 0.21-a0-641-geef9d7f (webtiles) character file.

183 Lunar the Conjurer (level 5, -4/28 HPs)
             Began as a Kobold Conjurer on Dec 30, 2017.
             Slain by a gnoll
             ... wielding a cursed -1 club
              (10 damage)
             ... on level 3 of the Dungeon.
             The game lasted 00:20:26 (2441 turns).

Lunar the Conjurer (Kobold Conjurer)                Turns: 2441, Time: 00:20:26

Health: -4/28      AC:  3    Str:  5    XL:     5   Next: 94%
Magic:  5/10       EV: 17    Int: 17    God:
Gold:   118        SH:  0    Dex: 16    Spells: 1/11 levels left

rFire    . . .     SeeInvis .   h - +1 short sword
rCold    . . .     Gourm    .   (shield restricted)
rNeg     . . .     Faith    .   a - +1 robe
rPois    .         Spirit   .   (no helmet)
rElec    .         Reflect  .   (no cloak)
rCorr    .         Harm     .   (no gloves)
MR       .....                  (no boots)
Stlth    ++........             (no amulet)
HPRegen  0.09/turn              (no ring)
MPRegen  0.12/turn              (no ring)

@: no status effects
A: small, carnivore
a: no special abilities


You were on level 3 of the Dungeon.
You were very full.

You visited 1 branch of the dungeon, and saw 4 of its levels.

You collected 118 gold pieces.

Inventory:

Hand Weapons
 d - a +0 hunting sling
 e - a +0 club
 f - a cursed -2 dagger
 g - a +0 dagger
 h - a +1 short sword (weapon)
 n - a +1 whip of venom
Missiles
 k - 26 poisoned needles (quivered)
 m - a throwing net
 p - 21 stones
 r - 12 arrows
Armour
 a - a +1 robe (worn)
 i - a +0 leather armour
Scrolls
 q - 2 scrolls of identify
Potions
 l - a potion of magic
 o - a potion of flight
Books
 b - a book of Conjurations

   Spells                             Type                      Level
   a - Magic Dart                     Conjuration                  1
   b - Searing Ray                    Conjuration                  2
   c - Dazzling Spray                 Conjuration/Hexes            3
   d - Fulminant Prism                Conjuration/Hexes            4
   e - Force Lance                    Conjuration/Translocation    4
   f - Iskenderun's Mystic Blast      Conjuration                  4
Comestibles
 c - 3 rations


   Skills:
 + Level 4.1 Dodging
 - Level 2.6 Stealth
 + Level 3.5 Spellcasting
 + Level 4.9 Conjurations
 + Level 1.7 Hexes


You had one spell level left.
You knew the following spells:

 Your Spells              Type           Power        Failure   Level  Hunger
a - Magic Dart            Conj           ###.         2%          1    None
b - Searing Ray           Conj           ###...       3%          2    ##.....
c - Dazzling Spray        Conj/Hex       ##....       13%         3    ###....
d - Iskenderun's Mystic   Conj           ###.....     22%         4    ####...


Dungeon Overview and Level Annotations

Branches:
Dungeon (4/15)
 Temple: D:4-7

Altars:
Nemelex Xobeh
The Shining One


Innate Abilities, Weirdness & Mutations

You are small and have problems with some larger weapons.
You are carnivorous and can eat meat at any time.


Message History

The gnoll is almost dead.
The gnoll is dazzled.
The gnoll is no longer blind.
The gnoll closely misses you.
Casting: Dazzling Spray
Confirm with . or Enter, or press ? or * to list all spells.
Aiming: Dazzling Spray
Press: ? - help, Shift-Dir - straight line, f/p - gnoll
Aim: a gnoll (almost dead)
The spray of energy hits the gnoll.
You kill the gnoll!
The spray of energy hits the gnoll.
The gnoll is almost dead.
The gnoll is dazzled.
The gnoll misses you. The gnoll hits you with a club.
* * * LOW HITPOINT WARNING * * *
You closely miss the gnoll.
The gnoll is almost dead.
The gnoll hits you with a club!
You die...

##.##.##.## #.##.####..##
#.........# # #.# ##.#
##.##.##..# #.# #.#
#..#.#.#.## #.##.# #.#
#.#...#...###.#.#.# #.#
#..............# #.###.#
#.##.##.......## #.##.#
#.##.###g#.##..###.#.#.##
#.##.# #@#.##.#.#.###....
#.##.# #.#.##.##...#.#.##
#.#..###.#..........##.#
#........####..###.###.#
##..###### ##.# #.###.##
#..# #.###.##...# #..#
#...#.#..... #.>#
###.#....... #..#
#.#.......


You could see a gnoll.

Vanquished Creatures
  An orc priest (D:3)
  Natasha (D:2)
  2 adders
  5 gnolls
  A worm (D:2)
  2 dart slugs
  4 leopard geckos
  4 orcs (D:3)
  2 giant cockroaches
  3 goblins (D:1)
  4 hobgoblins
  2 jackals (D:1)
  2 kobolds
  3 quokkas
  5 bats
  8 rats
49 creatures vanquished.

Notes
Turn   | Place    | Note
-------+----------+-------------------------------------------
     0 | D:1      | Lunar the Kobold Conjurer began the quest for the Orb.
     0 | D:1      | Reached XP level 1. HP: 10/10 MP: 3/3
   148 | D:1      | Reached XP level 2. HP: 14/15 MP: 1/5
   167 | D:1      | Learned a level 2 spell: Searing Ray
   399 | D:1      | Reached XP level 3. HP: 14/19 MP: 0/6
   803 | D:2      | Learned a level 3 spell: Dazzling Spray
   871 | D:2      | Reached XP level 4. HP: 24/24 MP: 2/8
  1114 | D:2      | Found a glowing golden altar of the Shining One.
  1126 | D:2      | Reached skill level 1 in Hexes
  1258 | D:2      | Noticed Natasha
  1264 | D:2      | Killed Natasha
  1264 | D:2      | Reached XP level 5. HP: 25/28 MP: 5/9
  1438 | D:3      | Learned a level 4 spell: Iskenderun's Mystic Blast
  1628 | D:3      | Found a sparkling altar of Nemelex Xobeh.
  2441 | D:3      | Slain by a gnoll

Vault maps used:
D:1:      dpeg_arrival_oval
D:2:      tso_metal_star, first_ration, uniq_natasha
D:3:      nemelex_diamond_rough_becter
D:4:      minmay_temple_entry_from_below_b

Skill      XL: |  1  2  3  4  5 |
---------------+----------------+-----
Dodging        | 3 4 |  4.1
Spellcasting   | 3 |  3.5
Hexes          | 1 |  1.7
Stealth        | |  2.6
Conjurations   | |  4.9

Action                   |  1- 3 |  4- 6 || total
-------------------------+-------+-------++-------
Melee: Club              |     5 |       ||     5
       Dagger            |     4 |       ||     4
       Short sword       |    41 |    37 ||    78
 Cast: Magic Dart        |    37 |    11 ||    48
       Searing Ray       |     3 |    12 ||    15
       Dazzling Spray    |       |     3 ||     3
  Use: Scroll            |     6 |     2 ||     8
       Potion            |     1 |       ||     1
 Stab: Sleeping          |     1 |       ||     1
  Eat: Chunk             |     8 |     5 ||    13
Armor: Robe              |     5 |     6 ||    11
Dodge: Dodged            |    46 |    54 ||   100

Table legend:
 A = Spawn XP
 B = Non-spawn XP
 C = Spawn XP percentage of total XP
 D = Spawn monster count
 E = Non-spawn monster count
 F = Spawn count percentage of total count
 G = Total turns spent on level
                    A         B        C        D         E        F      G
               +---------+---------+-------+---------+---------+-------+---------
         Total |       0 |     262 |   0.0 |       0 |      49 |   0.0 |  2441
               +---------+---------+-------+---------+---------+-------+---------
           D:1 |       0 |      40 |   0.0 |       0 |      21 |   0.0 |   660
           D:2 |       0 |     136 |   0.0 |       0 |      19 |   0.0 |   764
           D:3 |       0 |      86 |   0.0 |       0 |       9 |   0.0 |  1010
               +---------+---------+-------+---------+---------+-------+---------
